 Dungeon Crawl Stone Soup version 0.21-a0-348-ga060c75 (webtiles) character file.

131 Hasart the Cutter (level 5, -4/35 HPs)
             Began as a Halfling Abyssal Knight on Oct 6, 2017.
             Was a Priest of Lugonu.
             Slain by zkyp's ghost (12 damage)
             ... on level 3 of the Dungeon.
             The game lasted 00:04:07 (2780 turns).

Hasart the Cutter (Halfling Abyssal Knight)         Turns: 2780, Time: 00:04:08

Health: -4/35      AC:  5    Str: 14    XL:     5   Next: 37%
Magic:  6/6        EV: 15    Int: 10    God:    Lugonu [***...]
Gold:   67         SH:  0    Dex: 14    Spells: 4/4 levels left

rFire    . . .     SeeInvis .   p - +2 dagger (venom)
rCold    . . .     Gourm    .   (shield restricted)
rNeg     . . .     Faith    +   b - +0 leather armour
rPois    .         Spirit   .   h - +0 helmet
rElec    .         Reflect  .   (no cloak)
rCorr    .         Harm     .   (no gloves)
MR       .....                  k - +0 pair of boots (curse)
Stlth    +.........             f - amulet of faith
HPRegen  0.11/turn              (no ring)
MPRegen  0.10/turn              (no ring)

@: no status effects
A: mutation resistance 1
a: Depart the Abyss, Bend Space, Banish, Renounce Religion


You were on level 3 of the Dungeon.
You worshipped Lugonu.
Lugonu was most pleased with you.
You were not hungry.

You visited 1 branch of the dungeon, and saw 3 of its levels.
You visited the Abyss 1 time.

You collected 67 gold pieces.

Inventory:

Hand Weapons
 a - a +1 short sword
 p - a +2 dagger of venom (weapon)
Armour
 b - a +0 leather armour (worn)
 h - a +0 helmet (worn)
 k - a cursed +0 pair of boots (worn)
Jewellery
 f - an amulet of faith (around neck)
Scrolls
 d - 3 scrolls of identify {unknown}
 e - a scroll of enchant weapon {unknown}
 j - a scroll of immolation {unknown}
 o - 3 scrolls of fear {unknown}
 q - a scroll of magic mapping {unknown}
Potions
 g - a potion of berserk rage {unknown}
 n - a potion of brilliance {unknown}
Comestibles
 c - 2 bread rations
 i - 2 fruits
 l - 6 chunks of flesh
 m - a meat ration


   Skills:
 - Level 2.6 Fighting
 * Level 4.7 Short Blades
 + Level 3.3 Armour
 + Level 2.7 Dodging
 - Level 2.0 Invocations


You had 4 spell levels left.
You didn't know any spells.

Dungeon Overview and Level Annotations

Branches:
Dungeon (3/15)

Altars:
Okawaru

Annotations:
D:3 zkyp's ghost, amateur TeGl


Innate Abilities, Weirdness & Mutations

You are small and have problems with some larger weapons.
You are somewhat resistant to further mutation.


Message History

Zkyp's ghost closely misses you.
You hit zkyp's ghost but do no damage.
Zkyp's ghost is lightly damaged.
Zkyp's ghost hits you.
You hit zkyp's ghost.
Zkyp's ghost is lightly damaged.
Zkyp's ghost hits you!
* * * LOW HITPOINT WARNING * * *
You hit zkyp's ghost but do no damage.
Zkyp's ghost is lightly damaged.
You hit zkyp's ghost but do no damage.
Zkyp's ghost is lightly damaged.
Zkyp's ghost barely misses you.
You closely miss zkyp's ghost.
Zkyp's ghost is lightly damaged.
Zkyp's ghost closely misses you.
You hit zkyp's ghost but do no damage.
Zkyp's ghost is lightly damaged.
Zkyp's ghost hits you!
You die...

##.#####.# .
#......#.#
.###......#.#######
...#.##...#.##....#
#.#.##..##.##.##.#
#.............##.#
##.##......#..##.#
#.##.#♣≈.♣♣.....#
#.##.#♣♣≈P♣...@##
###.##.♣ P.♣♣♣##W#
<...#..♣♣≈≈♣ #..#
###.♣♣♣♣♣♣≈♣ ♣♣.#
#.≈♣ .≈≈ .# #...≈
.# ##♣P.♣ .# ♣♣♣ .#


You could see zkyp's ghost.

Vanquished Creatures
  5 adders (D:2)
  An ooze (D:2)
  A worm (D:2)
  A dart slug (D:1)
  5 leopard geckos
  A giant cockroach (D:2)
  9 goblins
  5 hobgoblins
  6 jackals (D:2)
  12 kobolds
  2 quokkas (D:2)
  6 bats
  7 frilled lizards
  11 rats
  A bush (D:1)
73 creatures vanquished.

Vanquished Creatures (others)
  A plant (D:1)
1 creature vanquished.

Grand Total: 74 creatures vanquished

Notes
Turn   | Place    | Note
-------+----------+-------------------------------------------
     0 | Abyss:1  | Hasart the Halfling Abyssal Knight began the quest for the Orb.
     0 | Abyss:1  | Reached XP level 1. HP: 15/15 MP: 2/2
   103 | D:1      | Escaped the Abyss
   334 | D:1      | Reached XP level 2. HP: 18/20 MP: 3/3
   438 | D:1      | Reached skill level 3 in Short Blades
   707 | D:1      | Reached ** piety under Lugonu
   737 | D:1      | Reached XP level 3. HP: 22/25 MP: 4/4
  1681 | D:2      | Found an iron altar of Okawaru.
  1744 | D:2      | Reached XP level 4. HP: 24/30 MP: 5/5
  1841 | D:2      | Reached skill level 4 in Short Blades
  2052 | D:2      | Reached *** piety under Lugonu
  2101 | D:2      | Found a faded altar of an unknown god.
  2245 | D:2      | Reached XP level 5. HP: 30/35 MP: 6/6
  2771 | D:3      | Noticed zkyp's ghost (amateur TeGl)
  2780 | D:3      | Slain by zkyp's ghost

Vault maps used:
D:1:      sevenhm_arrival_forest_fort_small_3, lexackson_kobold_supper
D:2:      minmay_diamond_boxcup, overflow_temple_1_default,
          chequers_ecumenical_altar_simple, minmay_misc_feat_columns
D:3:      eat_drink_and_be_merry_uskayaw, vehumet_crystals,
          lemuel_crystal_altar, nicolae_overflow_hidden_temple,
          nemelex_altar_shiori, first_bread, serial_bayou_crossing

Skill      XL: |  1  2  3  4 |
---------------+-------------+-----
Short Blades   | 3 4 |  4.7
Dodging        | 2 |  2.7
Armour         | 3 |  3.3
Fighting       | |  2.6
Invocations    | |  2.0

Action                   |  1- 3 |  4- 6 || total
-------------------------+-------+-------++-------
Melee: Short sword       |   189 |    93 ||   282
       Dagger            |       |    36 ||    36
  Eat: Chunk             |     3 |     3 ||     6
Armor: Leather armour    |    25 |    18 ||    43
Dodge: Dodged            |    95 |    91 ||   186

Table legend:
 A = Spawn XP
 B = Non-spawn XP
 C = Spawn XP percentage of total XP
 D = Spawn monster count
 E = Non-spawn monster count
 F = Spawn count percentage of total count
 G = Total turns spent on level
                    A         B        C        D         E        F      G
               +---------+---------+-------+---------+---------+-------+---------
         Total |       0 |     188 |   0.0 |       0 |      72 |   0.0 |  2780
               +---------+---------+-------+---------+---------+-------+---------
           D:1 |       0 |      49 |   0.0 |       0 |      29 |   0.0 |  1351
           D:2 |       0 |     139 |   0.0 |       0 |      43 |   0.0 |  1293
               +---------+---------+-------+---------+---------+-------+---------
